%YAML 1.1
%TAG !u! tag:unity3d.com,2011:
--- !u!29 &1
OcclusionCullingSettings:
  m_ObjectHideFlags: 0
  serializedVersion: 2
  m_OcclusionBakeSettings:
    smallestOccluder: 5
    smallestHole: 0.25
    backfaceThreshold: 100
  m_SceneGUID: 00000000000000000000000000000000
  m_OcclusionCullingData: {fileID: 0}
--- !u!104 &2
RenderSettings:
  m_ObjectHideFlags: 0
  serializedVersion: 9
  m_Fog: 0
  m_FogColor: {r: 0.5, g: 0.5, b: 0.5, a: 1}
  m_FogMode: 3
  m_FogDensity: 0.01
  m_LinearFogStart: 0
  m_LinearFogEnd: 300
  m_AmbientSkyColor: {r: 0.212, g: 0.227, b: 0.259, a: 1}
  m_AmbientEquatorColor: {r: 0.114, g: 0.125, b: 0.133, a: 1}
  m_AmbientGroundColor: {r: 0.047, g: 0.043, b: 0.035, a: 1}
  m_AmbientIntensity: 1
  m_AmbientMode: 0
  m_SubtractiveShadowColor: {r: 0.42, g: 0.478, b: 0.627, a: 1}
  m_SkyboxMaterial: {fileID: 10304, guid: 0000000000000000f000000000000000, type: 0}
  m_HaloStrength: 0.5
  m_FlareStrength: 1
  m_FlareFadeSpeed: 3
  m_HaloTexture: {fileID: 0}
  m_SpotCookie: {fileID: 10001, guid: 0000000000000000e000000000000000, type: 0}
  m_DefaultReflectionMode: 0
  m_DefaultReflectionResolution: 128
  m_ReflectionBounces: 1
  m_ReflectionIntensity: 1
  m_CustomReflection: {fileID: 0}
  m_Sun: {fileID: 705507994}
  m_IndirectSpecularColor: {r: 0.44657898, g: 0.4964133, b: 0.5748178, a: 1}
  m_UseRadianceAmbientProbe: 0
--- !u!157 &3
LightmapSettings:
  m_ObjectHideFlags: 0
  serializedVersion: 12
  m_GIWorkflowMode: 1
  m_GISettings:
    serializedVersion: 2
    m_BounceScale: 1
    m_IndirectOutputScale: 1
    m_AlbedoBoost: 1
    m_EnvironmentLightingMode: 0
    m_EnableBakedLightmaps: 1
    m_EnableRealtimeLightmaps: 0
  m_LightmapEditorSettings:
    serializedVersion: 12
    m_Resolution: 2
    m_BakeResolution: 40
    m_AtlasSize: 1024
    m_AO: 0
    m_AOMaxDistance: 1
    m_CompAOExponent: 1
    m_CompAOExponentDirect: 0
    m_ExtractAmbientOcclusion: 0
    m_Padding: 2
    m_LightmapParameters: {fileID: 0}
    m_LightmapsBakeMode: 1
    m_TextureCompression: 1
    m_FinalGather: 0
    m_FinalGatherFiltering: 1
    m_FinalGatherRayCount: 256
    m_ReflectionCompression: 2
    m_MixedBakeMode: 2
    m_BakeBackend: 1
    m_PVRSampling: 1
    m_PVRDirectSampleCount: 32
    m_PVRSampleCount: 500
    m_PVRBounces: 2
    m_PVREnvironmentSampleCount: 500
    m_PVREnvironmentReferencePointCount: 2048
    m_PVRFilteringMode: 2
    m_PVRDenoiserTypeDirect: 0
    m_PVRDenoiserTypeIndirect: 0
    m_PVRDenoiserTypeAO: 0
    m_PVRFilterTypeDirect: 0
    m_PVRFilterTypeIndirect: 0
    m_PVRFilterTypeAO: 0
    m_PVREnvironmentMIS: 0
    m_PVRCulling: 1
    m_PVRFilteringGaussRadiusDirect: 1
    m_PVRFilteringGaussRadiusIndirect: 5
    m_PVRFilteringGaussRadiusAO: 2
    m_PVRFilteringAtrousPositionSigmaDirect: 0.5
    m_PVRFilteringAtrousPositionSigmaIndirect: 2
    m_PVRFilteringAtrousPositionSigmaAO: 1
    m_ExportTrainingData: 0
    m_TrainingDataDestination: TrainingData
    m_LightProbeSampleCountMultiplier: 4
  m_LightingDataAsset: {fileID: 0}
  m_LightingSettings: {fileID: 0}
--- !u!196 &4
NavMeshSettings:
  serializedVersion: 2
  m_ObjectHideFlags: 0
  m_BuildSettings:
    serializedVersion: 2
    agentTypeID: 0
    agentRadius: 0.5
    agentHeight: 2
    agentSlope: 45
    agentClimb: 0.4
    ledgeDropHeight: 0
    maxJumpAcrossDistance: 0
    minRegionArea: 2
    manualCellSize: 0
    cellSize: 0.16666667
    manualTileSize: 0
    tileSize: 256
    accuratePlacement: 0
    maxJobWorkers: 0
    preserveTilesOutsideBounds: 0
    debug:
      m_Flags: 0
  m_NavMeshData: {fileID: 0}
--- !u!1 &72109596 stripped
GameObject:
  m_CorrespondingSourceObject: {fileID: 3712265964186129695, guid: d90e76a24f036bd4bb5c527cfacd2bdc, type: 3}
  m_PrefabInstance: {fileID: 1567702404}
  m_PrefabAsset: {fileID: 0}
--- !u!95 &72109597
Animator:
  serializedVersion: 3
  m_ObjectHideFlags: 0
  m_CorrespondingSourceObject: {fileID: 0}
  m_PrefabInstance: {fileID: 0}
  m_PrefabAsset: {fileID: 0}
  m_GameObject: {fileID: 72109596}
  m_Enabled: 1
  m_Avatar: {fileID: 0}
  m_Controller: {fileID: 9100000, guid: a8432bb64033f5a4abebb975ca148790, type: 2}
  m_CullingMode: 0
  m_UpdateMode: 0
  m_ApplyRootMotion: 0
  m_LinearVelocityBlending: 0
  m_WarningMessage: 
  m_HasTransformHierarchy: 1
  m_AllowConstantClipSamplingOptimization: 1
  m_KeepAnimatorControllerStateOnDisable: 0
--- !u!1 &705507993
GameObject:
  m_ObjectHideFlags: 0
  m_CorrespondingSourceObject: {fileID: 0}
  m_PrefabInstance: {fileID: 0}
  m_PrefabAsset: {fileID: 0}
  serializedVersion: 6
  m_Component:
  - component: {fileID: 705507995}
  - component: {fileID: 705507994}
  m_Layer: 0
  m_Name: Directional Light
  m_TagString: Untagged
  m_Icon: {fileID: 0}
  m_NavMeshLayer: 0
  m_StaticEditorFlags: 0
  m_IsActive: 1
--- !u!108 &705507994
Light:
  m_ObjectHideFlags: 0
  m_CorrespondingSourceObject: {fileID: 0}
  m_PrefabInstance: {fileID: 0}
  m_PrefabAsset: {fileID: 0}
  m_GameObject: {fileID: 705507993}
  m_Enabled: 1
  serializedVersion: 10
  m_Type: 1
  m_Shape: 0
  m_Color: {r: 1, g: 0.95686275, b: 0.8392157, a: 1}
  m_Intensity: 1
  m_Range: 10
  m_SpotAngle: 30
  m_InnerSpotAngle: 21.80208
  m_CookieSize: 10
  m_Shadows:
    m_Type: 2
    m_Resolution: -1
    m_CustomResolution: -1
    m_Strength: 1
    m_Bias: 0.05
    m_NormalBias: 0.4
    m_NearPlane: 0.2
    m_CullingMatrixOverride:
      e00: 1
      e01: 0
      e02: 0
      e03: 0
      e10: 0
      e11: 1
      e12: 0
      e13: 0
      e20: 0
      e21: 0
      e22: 1
      e23: 0
      e30: 0
      e31: 0
      e32: 0
      e33: 1
    m_UseCullingMatrixOverride: 0
  m_Cookie: {fileID: 0}
  m_DrawHalo: 0
  m_Flare: {fileID: 0}
  m_RenderMode: 0
  m_CullingMask:
    serializedVersion: 2
    m_Bits: 4294967295
  m_RenderingLayerMask: 1
  m_Lightmapping: 1
  m_LightShadowCasterMode: 0
  m_AreaSize: {x: 1, y: 1}
  m_BounceIntensity: 1
  m_ColorTemperature: 6570
  m_UseColorTemperature: 0
  m_BoundingSphereOverride: {x: 0, y: 0, z: 0, w: 0}
  m_UseBoundingSphereOverride: 0
  m_UseViewFrustumForShadowCasterCull: 1
  m_ShadowRadius: 0
  m_ShadowAngle: 0
--- !u!4 &705507995
Transform:
  m_ObjectHideFlags: 0
  m_CorrespondingSourceObject: {fileID: 0}
  m_PrefabInstance: {fileID: 0}
  m_PrefabAsset: {fileID: 0}
  m_GameObject: {fileID: 705507993}
  m_LocalRotation: {x: 0.40821788, y: -0.23456968, z: 0.10938163, w: 0.8754261}
  m_LocalPosition: {x: 0, y: 3, z: 0}
  m_LocalScale: {x: 1, y: 1, z: 1}
  m_Children: []
  m_Father: {fileID: 0}
  m_RootOrder: 0
  m_LocalEulerAnglesHint: {x: 50, y: -30, z: 0}
--- !u!1 &928731011 stripped
GameObject:
  m_CorrespondingSourceObject: {fileID: 3712265964186129695, guid: d90e76a24f036bd4bb5c527cfacd2bdc, type: 3}
  m_PrefabInstance: {fileID: 3712265964474931868}
  m_PrefabAsset: {fileID: 0}
--- !u!95 &928731012
Animator:
  serializedVersion: 3
  m_ObjectHideFlags: 0
  m_CorrespondingSourceObject: {fileID: 0}
  m_PrefabInstance: {fileID: 0}
  m_PrefabAsset: {fileID: 0}
  m_GameObject: {fileID: 928731011}
  m_Enabled: 1
  m_Avatar: {fileID: 0}
  m_Controller: {fileID: 9100000, guid: 0d45219a4e010f445b57bc3c2fbc520f, type: 2}
  m_CullingMode: 0
  m_UpdateMode: 0
  m_ApplyRootMotion: 0
  m_LinearVelocityBlending: 0
  m_WarningMessage: 
  m_HasTransformHierarchy: 1
  m_AllowConstantClipSamplingOptimization: 1
  m_KeepAnimatorControllerStateOnDisable: 0
--- !u!1 &961556954
GameObject:
  m_ObjectHideFlags: 0
  m_CorrespondingSourceObject: {fileID: 0}
  m_PrefabInstance: {fileID: 0}
  m_PrefabAsset: {fileID: 0}
  serializedVersion: 6
  m_Component:
  - component: {fileID: 961556956}
  - component: {fileID: 961556955}
  m_Layer: 0
  m_Name: Settings
  m_TagString: Untagged
  m_Icon: {fileID: 0}
  m_NavMeshLayer: 0
  m_StaticEditorFlags: 0
  m_IsActive: 1
--- !u!114 &961556955
MonoBehaviour:
  m_ObjectHideFlags: 0
  m_CorrespondingSourceObject: {fileID: 0}
  m_PrefabInstance: {fileID: 0}
  m_PrefabAsset: {fileID: 0}
  m_GameObject: {fileID: 961556954}
  m_Enabled: 1
  m_EditorHideFlags: 0
  m_Script: {fileID: 11500000, guid: ba98de14a2d60cf45a2a9a157852fd4e, type: 3}
  m_Name: 
  m_EditorClassIdentifier: 
  lineTooltips: {fileID: 2100000, guid: dcf690052997e7d4c803836041beddba, type: 2}
  lineWater: {fileID: 2100000, guid: 02a4e2b7718ae8044a4deb3481540458, type: 2}
--- !u!4 &961556956
Transform:
  m_ObjectHideFlags: 0
  m_CorrespondingSourceObject: {fileID: 0}
  m_PrefabInstance: {fileID: 0}
  m_PrefabAsset: {fileID: 0}
  m_GameObject: {fileID: 961556954}
  m_LocalRotation: {x: 0, y: 0, z: 0, w: 1}
  m_LocalPosition: {x: -0.0086189285, y: 0.12790781, z: 0.17110889}
  m_LocalScale: {x: 1, y: 1, z: 1}
  m_Children: []
  m_Father: {fileID: 0}
  m_RootOrder: 3
  m_LocalEulerAnglesHint: {x: 0, y: 0, z: 0}
--- !u!1 &963194225
GameObject:
  m_ObjectHideFlags: 0
  m_CorrespondingSourceObject: {fileID: 0}
  m_PrefabInstance: {fileID: 0}
  m_PrefabAsset: {fileID: 0}
  serializedVersion: 6
  m_Component:
  - component: {fileID: 963194228}
  - component: {fileID: 963194227}
  - component: {fileID: 963194226}
  - component: {fileID: 963194230}
  - component: {fileID: 963194229}
  - component: {fileID: 963194231}
  m_Layer: 0
  m_Name: Main Camera
  m_TagString: MainCamera
  m_Icon: {fileID: 0}
  m_NavMeshLayer: 0
  m_StaticEditorFlags: 0
  m_IsActive: 1
--- !u!81 &963194226
AudioListener:
  m_ObjectHideFlags: 0
  m_CorrespondingSourceObject: {fileID: 0}
  m_PrefabInstance: {fileID: 0}
  m_PrefabAsset: {fileID: 0}
  m_GameObject: {fileID: 963194225}
  m_Enabled: 1
--- !u!20 &963194227
Camera:
  m_ObjectHideFlags: 0
  m_CorrespondingSourceObject: {fileID: 0}
  m_PrefabInstance: {fileID: 0}
  m_PrefabAsset: {fileID: 0}
  m_GameObject: {fileID: 963194225}
  m_Enabled: 1
  serializedVersion: 2
  m_ClearFlags: 1
  m_BackGroundColor: {r: 0, g: 0, b: 0, a: 1}
  m_projectionMatrixMode: 1
  m_GateFitMode: 2
  m_FOVAxisMode: 0
  m_SensorSize: {x: 36, y: 24}
  m_LensShift: {x: 0, y: 0}
  m_FocalLength: 50
  m_NormalizedViewPortRect:
    serializedVersion: 2
    x: 0
    y: 0
    width: 1
    height: 1
  near clip plane: 0.1
  far clip plane: 1000
  field of view: 60
  orthographic: 0
  orthographic size: 5
  m_Depth: -1
  m_CullingMask:
    serializedVersion: 2
    m_Bits: 4294967295
  m_RenderingPath: -1
  m_TargetTexture: {fileID: 0}
  m_TargetDisplay: 0
  m_TargetEye: 3
  m_HDR: 1
  m_AllowMSAA: 1
  m_AllowDynamicResolution: 0
  m_ForceIntoRT: 0
  m_OcclusionCulling: 1
  m_StereoConvergence: 10
  m_StereoSeparation: 0.022
--- !u!4 &963194228
Transform:
  m_ObjectHideFlags: 0
  m_CorrespondingSourceObject: {fileID: 0}
  m_PrefabInstance: {fileID: 0}
  m_PrefabAsset: {fileID: 0}
  m_GameObject: {fileID: 963194225}
  m_LocalRotation: {x: -0, y: -0, z: -0, w: 1}
  m_LocalPosition: {x: 0, y: 0, z: 0}
  m_LocalScale: {x: 1, y: 1, z: 1}
  m_Children: []
  m_Father: {fileID: 1666677566}
  m_RootOrder: 0
  m_LocalEulerAnglesHint: {x: 0, y: 0, z: 0}
--- !u!114 &963194229
MonoBehaviour:
  m_ObjectHideFlags: 0
  m_CorrespondingSourceObject: {fileID: 0}
  m_PrefabInstance: {fileID: 0}
  m_PrefabAsset: {fileID: 0}
  m_GameObject: {fileID: 963194225}
  m_Enabled: 1
  m_EditorHideFlags: 0
  m_Script: {fileID: 11500000, guid: 7a21b486d0bb44444b1418aaa38b44de, type: 3}
  m_Name: 
  m_EditorClassIdentifier: 
  m_HorizontalAxis: Horizontal
  m_VerticalAxis: Vertical
  m_SubmitButton: Submit
  m_CancelButton: Cancel
  m_InputActionsPerSecond: 10
  m_RepeatDelay: 0.5
  m_ForceModuleActive: 0
--- !u!114 &963194230
MonoBehaviour:
  m_ObjectHideFlags: 0
  m_CorrespondingSourceObject: {fileID: 0}
  m_PrefabInstance: {fileID: 0}
  m_PrefabAsset: {fileID: 0}
  m_GameObject: {fileID: 963194225}
  m_Enabled: 1
  m_EditorHideFlags: 0
  m_Script: {fileID: 11500000, guid: 76c392e42b5098c458856cdf6ecaaaa1, type: 3}
  m_Name: 
  m_EditorClassIdentifier: 
  m_FirstSelected: {fileID: 0}
  m_sendNavigationEvents: 1
  m_DragThreshold: 10
--- !u!114 &963194231
MonoBehaviour:
  m_ObjectHideFlags: 0
  m_CorrespondingSourceObject: {fileID: 0}
  m_PrefabInstance: {fileID: 0}
  m_PrefabAsset: {fileID: 0}
  m_GameObject: {fileID: 963194225}
  m_Enabled: 1
  m_EditorHideFlags: 0
  m_Script: {fileID: 11500000, guid: bf98dd1206224111a38765365e98e207, type: 3}
  m_Name: 
  m_EditorClassIdentifier: 
  lockCursorWhenFocusLocked: 1
  setCursorInvisibleWhenFocusLocked: 0
  maxGazeCollisionDistance: 10
  raycastLayerMasks:
  - serializedVersion: 2
    m_Bits: 4294967291
  stabilizer:
    storedStabilitySamples: 60
  gazeTransform: {fileID: 0}
  minHeadVelocityThreshold: 0.5
  maxHeadVelocityThreshold: 2
--- !u!1001 &1260270095
PrefabInstance:
  m_ObjectHideFlags: 0
  serializedVersion: 2
  m_Modification:
    m_TransformParent: {fileID: 0}
    m_Modifications:
    - target: {fileID: 3712265964186129689, guid: d90e76a24f036bd4bb5c527cfacd2bdc, type: 3}
      propertyPath: m_RootOrder
      value: 5
      objectReference: {fileID: 0}
    - target: {fileID: 3712265964186129689, guid: d90e76a24f036bd4bb5c527cfacd2bdc, type: 3}
      propertyPath: m_LocalPosition.x
      value: -0.9165
      objectReference: {fileID: 0}
    - target: {fileID: 3712265964186129689, guid: d90e76a24f036bd4bb5c527cfacd2bdc, type: 3}
      propertyPath: m_LocalPosition.y
      value: -0.23070002
      objectReference: {fileID: 0}
    - target: {fileID: 3712265964186129689, guid: d90e76a24f036bd4bb5c527cfacd2bdc, type: 3}
      propertyPath: m_LocalPosition.z
      value: 2.2123268
      objectReference: {fileID: 0}
    - target: {fileID: 3712265964186129689, guid: d90e76a24f036bd4bb5c527cfacd2bdc, type: 3}
      propertyPath: m_LocalRotation.w
      value: 1
      objectReference: {fileID: 0}
    - target: {fileID: 3712265964186129689, guid: d90e76a24f036bd4bb5c527cfacd2bdc, type: 3}
      propertyPath: m_LocalRotation.x
      value: 0
      objectReference: {fileID: 0}
    - target: {fileID: 3712265964186129689, guid: d90e76a24f036bd4bb5c527cfacd2bdc, type: 3}
      propertyPath: m_LocalRotation.y
      value: 0
      objectReference: {fileID: 0}
    - target: {fileID: 3712265964186129689, guid: d90e76a24f036bd4bb5c527cfacd2bdc, type: 3}
      propertyPath: m_LocalRotation.z
      value: 0
      objectReference: {fileID: 0}
    - target: {fileID: 3712265964186129689, guid: d90e76a24f036bd4bb5c527cfacd2bdc, type: 3}
      propertyPath: m_LocalEulerAnglesHint.x
      value: 0
      objectReference: {fileID: 0}
    - target: {fileID: 3712265964186129689, guid: d90e76a24f036bd4bb5c527cfacd2bdc, type: 3}
      propertyPath: m_LocalEulerAnglesHint.y
      value: 0
      objectReference: {fileID: 0}
    - target: {fileID: 3712265964186129689, guid: d90e76a24f036bd4bb5c527cfacd2bdc, type: 3}
      propertyPath: m_LocalEulerAnglesHint.z
      value: 0
      objectReference: {fileID: 0}
    - target: {fileID: 3712265964186129695, guid: d90e76a24f036bd4bb5c527cfacd2bdc, type: 3}
      propertyPath: m_Name
      value: Consolidacion C
      objectReference: {fileID: 0}
    - target: {fileID: 3712265964186129695, guid: d90e76a24f036bd4bb5c527cfacd2bdc, type: 3}
      propertyPath: m_IsActive
      value: 0
      objectReference: {fileID: 0}
    - target: {fileID: 4134849038576528630, guid: d90e76a24f036bd4bb5c527cfacd2bdc, type: 3}
      propertyPath: m_LocalRotation.w
      value: 0.71712655
      objectReference: {fileID: 0}
    - target: {fileID: 4134849038576528630, guid: d90e76a24f036bd4bb5c527cfacd2bdc, type: 3}
      propertyPath: m_LocalRotation.y
      value: -0.69694304
      objectReference: {fileID: 0}
    - target: {fileID: 4134849038576528630, guid: d90e76a24f036bd4bb5c527cfacd2bdc, type: 3}
      propertyPath: m_LocalEulerAnglesHint.y
      value: -88.365
      objectReference: {fileID: 0}
    m_RemovedComponents: []
  m_SourcePrefab: {fileID: 100100000, guid: d90e76a24f036bd4bb5c527cfacd2bdc, type: 3}
--- !u!1 &1260270096 stripped
GameObject:
  m_CorrespondingSourceObject: {fileID: 3712265964186129695, guid: d90e76a24f036bd4bb5c527cfacd2bdc, type: 3}
  m_PrefabInstance: {fileID: 1260270095}
  m_PrefabAsset: {fileID: 0}
--- !u!95 &1260270097
Animator:
  serializedVersion: 3
  m_ObjectHideFlags: 0
  m_CorrespondingSourceObject: {fileID: 0}
  m_PrefabInstance: {fileID: 0}
  m_PrefabAsset: {fileID: 0}
  m_GameObject: {fileID: 1260270096}
  m_Enabled: 1
  m_Avatar: {fileID: 0}
  m_Controller: {fileID: 9100000, guid: 6b6203933298ad84c905d6a73183a698, type: 2}
  m_CullingMode: 0
  m_UpdateMode: 0
  m_ApplyRootMotion: 0
  m_LinearVelocityBlending: 0
  m_WarningMessage: 
  m_HasTransformHierarchy: 1
  m_AllowConstantClipSamplingOptimization: 1
  m_KeepAnimatorControllerStateOnDisable: 0
--- !u!1001 &1567702404
PrefabInstance:
  m_ObjectHideFlags: 0
  serializedVersion: 2
  m_Modification:
    m_TransformParent: {fileID: 0}
    m_Modifications:
    - target: {fileID: 3712265963506861265, guid: d90e76a24f036bd4bb5c527cfacd2bdc, type: 3}
      propertyPath: m_IsActive
      value: 1
      objectReference: {fileID: 0}
    - target: {fileID: 3712265963956614294, guid: d90e76a24f036bd4bb5c527cfacd2bdc, type: 3}
      propertyPath: m_IsActive
      value: 0
      objectReference: {fileID: 0}
    - target: {fileID: 3712265964090793237, guid: d90e76a24f036bd4bb5c527cfacd2bdc, type: 3}
      propertyPath: m_IsActive
      value: 1
      objectReference: {fileID: 0}
    - target: {fileID: 3712265964186129689, guid: d90e76a24f036bd4bb5c527cfacd2bdc, type: 3}
      propertyPath: m_RootOrder
      value: 6
      objectReference: {fileID: 0}
    - target: {fileID: 3712265964186129689, guid: d90e76a24f036bd4bb5c527cfacd2bdc, type: 3}
      propertyPath: m_LocalPosition.x
      value: -0.9165
      objectReference: {fileID: 0}
    - target: {fileID: 3712265964186129689, guid: d90e76a24f036bd4bb5c527cfacd2bdc, type: 3}
      propertyPath: m_LocalPosition.y
      value: -0.23070002
      objectReference: {fileID: 0}
    - target: {fileID: 3712265964186129689, guid: d90e76a24f036bd4bb5c527cfacd2bdc, type: 3}
      propertyPath: m_LocalPosition.z
      value: 2.2123268
      objectReference: {fileID: 0}
    - target: {fileID: 3712265964186129689, guid: d90e76a24f036bd4bb5c527cfacd2bdc, type: 3}
      propertyPath: m_LocalRotation.w
      value: 1
      objectReference: {fileID: 0}
    - target: {fileID: 3712265964186129689, guid: d90e76a24f036bd4bb5c527cfacd2bdc, type: 3}
      propertyPath: m_LocalRotation.x
      value: 0
      objectReference: {fileID: 0}
    - target: {fileID: 3712265964186129689, guid: d90e76a24f036bd4bb5c527cfacd2bdc, type: 3}
      propertyPath: m_LocalRotation.y
      value: 0
      objectReference: {fileID: 0}
    - target: {fileID: 3712265964186129689, guid: d90e76a24f036bd4bb5c527cfacd2bdc, type: 3}
      propertyPath: m_LocalRotation.z
      value: 0
      objectReference: {fileID: 0}
    - target: {fileID: 3712265964186129689, guid: d90e76a24f036bd4bb5c527cfacd2bdc, type: 3}
      propertyPath: m_LocalEulerAnglesHint.x
      value: 0
      objectReference: {fileID: 0}
    - target: {fileID: 3712265964186129689, guid: d90e76a24f036bd4bb5c527cfacd2bdc, type: 3}
      propertyPath: m_LocalEulerAnglesHint.y
      value: 0
      objectReference: {fileID: 0}
    - target: {fileID: 3712265964186129689, guid: d90e76a24f036bd4bb5c527cfacd2bdc, type: 3}
      propertyPath: m_LocalEulerAnglesHint.z
      value: 0
      objectReference: {fileID: 0}
    - target: {fileID: 3712265964186129695, guid: d90e76a24f036bd4bb5c527cfacd2bdc, type: 3}
      propertyPath: m_Name
      value: Corte UU CU
      objectReference: {fileID: 0}
    - target: {fileID: 3712265964186129695, guid: d90e76a24f036bd4bb5c527cfacd2bdc, type: 3}
      propertyPath: m_IsActive
      value: 0
      objectReference: {fileID: 0}
    - target: {fileID: 3712265964313157180, guid: d90e76a24f036bd4bb5c527cfacd2bdc, type: 3}
      propertyPath: m_IsActive
      value: 1
      objectReference: {fileID: 0}
    - target: {fileID: 3712265964609246160, guid: d90e76a24f036bd4bb5c527cfacd2bdc, type: 3}
      propertyPath: m_IsActive
      value: 1
      objectReference: {fileID: 0}
    - target: {fileID: 3712265964668258924, guid: d90e76a24f036bd4bb5c527cfacd2bdc, type: 3}
      propertyPath: m_LocalScale.y
      value: 1
      objectReference: {fileID: 0}
    - target: {fileID: 3712265964735731788, guid: d90e76a24f036bd4bb5c527cfacd2bdc, type: 3}
      propertyPath: m_IsActive
      value: 1
      objectReference: {fileID: 0}
    - target: {fileID: 3712265964765874024, guid: d90e76a24f036bd4bb5c527cfacd2bdc, type: 3}
      propertyPath: m_IsActive
      value: 0
      objectReference: {fileID: 0}
    - target: {fileID: 4134849038576528630, guid: d90e76a24f036bd4bb5c527cfacd2bdc, type: 3}
      propertyPath: m_LocalRotation.w
      value: 0.7171265
      objectReference: {fileID: 0}
    - target: {fileID: 4134849038576528630, guid: d90e76a24f036bd4bb5c527cfacd2bdc, type: 3}
      propertyPath: m_LocalRotation.y
      value: -0.69694304
      objectReference: {fileID: 0}
    - target: {fileID: 4134849038576528630, guid: d90e76a24f036bd4bb5c527cfacd2bdc, type: 3}
      propertyPath: m_LocalEulerAnglesHint.y
      value: -88.365
      objectReference: {fileID: 0}
    - target: {fileID: 5616240900183158991, guid: d90e76a24f036bd4bb5c527cfacd2bdc, type: 3}
      propertyPath: m_LocalRotation.w
      value: 0.99999374
      objectReference: {fileID: 0}
    - target: {fileID: 5616240900183158991, guid: d90e76a24f036bd4bb5c527cfacd2bdc, type: 3}
      propertyPath: m_LocalRotation.y
      value: 0.003543451
      objectReference: {fileID: 0}
    - target: {fileID: 5616240900183158991, guid: d90e76a24f036bd4bb5c527cfacd2bdc, type: 3}
      propertyPath: m_LocalEulerAnglesHint.y
      value: 0.406
      objectReference: {fileID: 0}
    m_RemovedComponents: []
  m_SourcePrefab: {fileID: 100100000, guid: d90e76a24f036bd4bb5c527cfacd2bdc, type: 3}
--- !u!1 &1666677565
GameObject:
  m_ObjectHideFlags: 0
  m_CorrespondingSourceObject: {fileID: 0}
  m_PrefabInstance: {fileID: 0}
  m_PrefabAsset: {fileID: 0}
  serializedVersion: 6
  m_Component:
  - component: {fileID: 1666677566}
  m_Layer: 0
  m_Name: MixedRealityPlayspace
  m_TagString: Untagged
  m_Icon: {fileID: 0}
  m_NavMeshLayer: 0
  m_StaticEditorFlags: 0
  m_IsActive: 1
--- !u!4 &1666677566
Transform:
  m_ObjectHideFlags: 0
  m_CorrespondingSourceObject: {fileID: 0}
  m_PrefabInstance: {fileID: 0}
  m_PrefabAsset: {fileID: 0}
  m_GameObject: {fileID: 1666677565}
  m_LocalRotation: {x: 0, y: 0, z: 0, w: 1}
  m_LocalPosition: {x: 0, y: 0, z: 0}
  m_LocalScale: {x: 1, y: 1, z: 1}
  m_Children:
  - {fileID: 963194228}
  m_Father: {fileID: 0}
  m_RootOrder: 2
  m_LocalEulerAnglesHint: {x: 0, y: 0, z: 0}
--- !u!1 &1740475880
GameObject:
  m_ObjectHideFlags: 0
  m_CorrespondingSourceObject: {fileID: 0}
  m_PrefabInstance: {fileID: 0}
  m_PrefabAsset: {fileID: 0}
  serializedVersion: 6
  m_Component:
  - component: {fileID: 1740475882}
  - component: {fileID: 1740475881}
  m_Layer: 0
  m_Name: MixedRealityToolkit
  m_TagString: Untagged
  m_Icon: {fileID: 0}
  m_NavMeshLayer: 0
  m_StaticEditorFlags: 0
  m_IsActive: 1
--- !u!114 &1740475881
MonoBehaviour:
  m_ObjectHideFlags: 0
  m_CorrespondingSourceObject: {fileID: 0}
  m_PrefabInstance: {fileID: 0}
  m_PrefabAsset: {fileID: 0}
  m_GameObject: {fileID: 1740475880}
  m_Enabled: 1
  m_EditorHideFlags: 0
  m_Script: {fileID: 11500000, guid: 83d9acc7968244a8886f3af591305bcb, type: 3}
  m_Name: 
  m_EditorClassIdentifier: 
  activeProfile: {fileID: 11400000, guid: 1e3716acf2b8f684aba2d69548e29c52, type: 2}
--- !u!4 &1740475882
Transform:
  m_ObjectHideFlags: 0
  m_CorrespondingSourceObject: {fileID: 0}
  m_PrefabInstance: {fileID: 0}
  m_PrefabAsset: {fileID: 0}
  m_GameObject: {fileID: 1740475880}
  m_LocalRotation: {x: 0, y: 0, z: 0, w: 1}
  m_LocalPosition: {x: 0, y: 0, z: 0}
  m_LocalScale: {x: 1, y: 1, z: 1}
  m_Children: []
  m_Father: {fileID: 0}
  m_RootOrder: 1
  m_LocalEulerAnglesHint: {x: 0, y: 0, z: 0}
--- !u!1001 &2044340112
PrefabInstance:
  m_ObjectHideFlags: 0
  serializedVersion: 2
  m_Modification:
    m_TransformParent: {fileID: 0}
    m_Modifications:
    - target: {fileID: 3712265963506861265, guid: d90e76a24f036bd4bb5c527cfacd2bdc, type: 3}
      propertyPath: m_IsActive
      value: 1
      objectReference: {fileID: 0}
    - target: {fileID: 3712265963956614294, guid: d90e76a24f036bd4bb5c527cfacd2bdc, type: 3}
      propertyPath: m_IsActive
      value: 0
      objectReference: {fileID: 0}
    - target: {fileID: 3712265964090793237, guid: d90e76a24f036bd4bb5c527cfacd2bdc, type: 3}
      propertyPath: m_IsActive
      value: 1
      objectReference: {fileID: 0}
    - target: {fileID: 3712265964186129689, guid: d90e76a24f036bd4bb5c527cfacd2bdc, type: 3}
      propertyPath: m_RootOrder
      value: 7
      objectReference: {fileID: 0}
    - target: {fileID: 3712265964186129689, guid: d90e76a24f036bd4bb5c527cfacd2bdc, type: 3}
      propertyPath: m_LocalPosition.x
      value: -0.9165
      objectReference: {fileID: 0}
    - target: {fileID: 3712265964186129689, guid: d90e76a24f036bd4bb5c527cfacd2bdc, type: 3}
      propertyPath: m_LocalPosition.y
      value: -0.23070002
      objectReference: {fileID: 0}
    - target: {fileID: 3712265964186129689, guid: d90e76a24f036bd4bb5c527cfacd2bdc, type: 3}
      propertyPath: m_LocalPosition.z
      value: 2.2123268
      objectReference: {fileID: 0}
    - target: {fileID: 3712265964186129689, guid: d90e76a24f036bd4bb5c527cfacd2bdc, type: 3}
      propertyPath: m_LocalRotation.w
      value: 1
      objectReference: {fileID: 0}
    - target: {fileID: 3712265964186129689, guid: d90e76a24f036bd4bb5c527cfacd2bdc, type: 3}
      propertyPath: m_LocalRotation.x
      value: 0
      objectReference: {fileID: 0}
    - target: {fileID: 3712265964186129689, guid: d90e76a24f036bd4bb5c527cfacd2bdc, type: 3}
      propertyPath: m_LocalRotation.y
      value: 0
      objectReference: {fileID: 0}
    - target: {fileID: 3712265964186129689, guid: d90e76a24f036bd4bb5c527cfacd2bdc, type: 3}
      propertyPath: m_LocalRotation.z
      value: 0
      objectReference: {fileID: 0}
    - target: {fileID: 3712265964186129689, guid: d90e76a24f036bd4bb5c527cfacd2bdc, type: 3}
      propertyPath: m_LocalEulerAnglesHint.x
      value: 0
      objectReference: {fileID: 0}
    - target: {fileID: 3712265964186129689, guid: d90e76a24f036bd4bb5c527cfacd2bdc, type: 3}
      propertyPath: m_LocalEulerAnglesHint.y
      value: 0
      objectReference: {fileID: 0}
    - target: {fileID: 3712265964186129689, guid: d90e76a24f036bd4bb5c527cfacd2bdc, type: 3}
      propertyPath: m_LocalEulerAnglesHint.z
      value: 0
      objectReference: {fileID: 0}
    - target: {fileID: 3712265964186129695, guid: d90e76a24f036bd4bb5c527cfacd2bdc, type: 3}
      propertyPath: m_Name
      value: Corte CD
      objectReference: {fileID: 0}
    - target: {fileID: 3712265964186129695, guid: d90e76a24f036bd4bb5c527cfacd2bdc, type: 3}
      propertyPath: m_IsActive
      value: 0
      objectReference: {fileID: 0}
    - target: {fileID: 3712265964313157180, guid: d90e76a24f036bd4bb5c527cfacd2bdc, type: 3}
      propertyPath: m_IsActive
      value: 1
      objectReference: {fileID: 0}
    - target: {fileID: 3712265964609246160, guid: d90e76a24f036bd4bb5c527cfacd2bdc, type: 3}
      propertyPath: m_IsActive
      value: 1
      objectReference: {fileID: 0}
    - target: {fileID: 3712265964668258924, guid: d90e76a24f036bd4bb5c527cfacd2bdc, type: 3}
      propertyPath: m_LocalScale.y
      value: 1
      objectReference: {fileID: 0}
    - target: {fileID: 3712265964735731788, guid: d90e76a24f036bd4bb5c527cfacd2bdc, type: 3}
      propertyPath: m_IsActive
      value: 1
      objectReference: {fileID: 0}
    - target: {fileID: 3712265964765874024, guid: d90e76a24f036bd4bb5c527cfacd2bdc, type: 3}
      propertyPath: m_IsActive
      value: 0
      objectReference: {fileID: 0}
    - target: {fileID: 4134849038576528630, guid: d90e76a24f036bd4bb5c527cfacd2bdc, type: 3}
      propertyPath: m_LocalRotation.w
      value: 0.7171265
      objectReference: {fileID: 0}
    - target: {fileID: 4134849038576528630, guid: d90e76a24f036bd4bb5c527cfacd2bdc, type: 3}
      propertyPath: m_LocalRotation.y
      value: -0.69694304
      objectReference: {fileID: 0}
    - target: {fileID: 4134849038576528630, guid: d90e76a24f036bd4bb5c527cfacd2bdc, type: 3}
      propertyPath: m_LocalEulerAnglesHint.y
      value: -88.365
      objectReference: {fileID: 0}
    - target: {fileID: 5616240900183158991, guid: d90e76a24f036bd4bb5c527cfacd2bdc, type: 3}
      propertyPath: m_LocalRotation.w
      value: 0.99999374
      objectReference: {fileID: 0}
    - target: {fileID: 5616240900183158991, guid: d90e76a24f036bd4bb5c527cfacd2bdc, type: 3}
      propertyPath: m_LocalRotation.y
      value: 0.003543451
      objectReference: {fileID: 0}
    - target: {fileID: 5616240900183158991, guid: d90e76a24f036bd4bb5c527cfacd2bdc, type: 3}
      propertyPath: m_LocalEulerAnglesHint.y
      value: 0.406
      objectReference: {fileID: 0}
    m_RemovedComponents: []
  m_SourcePrefab: {fileID: 100100000, guid: d90e76a24f036bd4bb5c527cfacd2bdc, type: 3}
--- !u!1 &2044340113 stripped
GameObject:
  m_CorrespondingSourceObject: {fileID: 3712265964186129695, guid: d90e76a24f036bd4bb5c527cfacd2bdc, type: 3}
  m_PrefabInstance: {fileID: 2044340112}
  m_PrefabAsset: {fileID: 0}
--- !u!95 &2044340114
Animator:
  serializedVersion: 3
  m_ObjectHideFlags: 0
  m_CorrespondingSourceObject: {fileID: 0}
  m_PrefabInstance: {fileID: 0}
  m_PrefabAsset: {fileID: 0}
  m_GameObject: {fileID: 2044340113}
  m_Enabled: 1
  m_Avatar: {fileID: 0}
  m_Controller: {fileID: 9100000, guid: 3be1859074d367f4f939d54a8317c41c, type: 2}
  m_CullingMode: 0
  m_UpdateMode: 0
  m_ApplyRootMotion: 0
  m_LinearVelocityBlending: 0
  m_WarningMessage: 
  m_HasTransformHierarchy: 1
  m_AllowConstantClipSamplingOptimization: 1
  m_KeepAnimatorControllerStateOnDisable: 0
--- !u!1001 &3712265964474931868
PrefabInstance:
  m_ObjectHideFlags: 0
  serializedVersion: 2
  m_Modification:
    m_TransformParent: {fileID: 0}
    m_Modifications:
    - target: {fileID: 3712265964186129689, guid: d90e76a24f036bd4bb5c527cfacd2bdc, type: 3}
      propertyPath: m_RootOrder
      value: 4
      objectReference: {fileID: 0}
    - target: {fileID: 3712265964186129689, guid: d90e76a24f036bd4bb5c527cfacd2bdc, type: 3}
      propertyPath: m_LocalPosition.x
      value: -0.9165
      objectReference: {fileID: 0}
    - target: {fileID: 3712265964186129689, guid: d90e76a24f036bd4bb5c527cfacd2bdc, type: 3}
      propertyPath: m_LocalPosition.y
      value: -0.23070002
      objectReference: {fileID: 0}
    - target: {fileID: 3712265964186129689, guid: d90e76a24f036bd4bb5c527cfacd2bdc, type: 3}
      propertyPath: m_LocalPosition.z
      value: 2.2123268
      objectReference: {fileID: 0}
    - target: {fileID: 3712265964186129689, guid: d90e76a24f036bd4bb5c527cfacd2bdc, type: 3}
      propertyPath: m_LocalRotation.w
      value: 1
      objectReference: {fileID: 0}
    - target: {fileID: 3712265964186129689, guid: d90e76a24f036bd4bb5c527cfacd2bdc, type: 3}
      propertyPath: m_LocalRotation.x
      value: 0
      objectReference: {fileID: 0}
    - target: {fileID: 3712265964186129689, guid: d90e76a24f036bd4bb5c527cfacd2bdc, type: 3}
      propertyPath: m_LocalRotation.y
      value: 0
      objectReference: {fileID: 0}
    - target: {fileID: 3712265964186129689, guid: d90e76a24f036bd4bb5c527cfacd2bdc, type: 3}
      propertyPath: m_LocalRotation.z
      value: 0
      objectReference: {fileID: 0}
    - target: {fileID: 3712265964186129689, guid: d90e76a24f036bd4bb5c527cfacd2bdc, type: 3}
      propertyPath: m_LocalEulerAnglesHint.x
      value: 0
      objectReference: {fileID: 0}
    - target: {fileID: 3712265964186129689, guid: d90e76a24f036bd4bb5c527cfacd2bdc, type: 3}
      propertyPath: m_LocalEulerAnglesHint.y
      value: 0
      objectReference: {fileID: 0}
    - target: {fileID: 3712265964186129689, guid: d90e76a24f036bd4bb5c527cfacd2bdc, type: 3}
      propertyPath: m_LocalEulerAnglesHint.z
      value: 0
      objectReference: {fileID: 0}
    - target: {fileID: 3712265964186129695, guid: d90e76a24f036bd4bb5c527cfacd2bdc, type: 3}
      propertyPath: m_Name
      value: Consolidacion U
      objectReference: {fileID: 0}
    - target: {fileID: 3712265964186129695, guid: d90e76a24f036bd4bb5c527cfacd2bdc, type: 3}
      propertyPath: m_IsActive
      value: 1
      objectReference: {fileID: 0}
    m_RemovedComponents: []
  m_SourcePrefab: {fileID: 100100000, guid: d90e76a24f036bd4bb5c527cfacd2bdc, type: 3}
